 Dungeon Sprint DCSS version 0.26.1-2-gb8aa6d0cf2 (webtiles) character file.

Game seed: 2656003105556347285

275206 Groucho the Acrobat (level 12, 67/67 HPs)
             Began as a Spriggan Enchanter on Feb 17, 2021.
             Was an Initiate of Gozag.
             Escaped with the Orb!
             The game lasted 00:19:00 (3790 turns).

Groucho the Acrobat (Spriggan Enchanter)            Turns: 3790, Time: 00:19:00

Health: 67/67      AC:  5    Str:  8    XL:     12   Next: 52%
Magic:  29/29      EV: 39    Int: 17    God:    Gozag
Gold:   3043       SH:  0    Dex: 24    Spells: 29/35 levels left

rFire    . . .     SeeInvis +   o - +8 quick blade of Iconoclasm {elec, Dex+7}
rCold    . . .     Faith    .   (shield restricted)
rNeg     . . .     Spirit   .   b - +0 robe
rPois    .         Reflect  .   k - +2 hat
rElec    .         Harm     .   m - +0 cloak
rCorr    .         Rampage  .   (gloves unavailable)
Will     ++...     NoTele   +   (boots unavailable)
Stlth    +++.......             (no amulet)
HPRegen  0.61/turn              (no ring)
MPRegen  0.21/turn              (no ring)

@: flying (expiring), very quick
A: very small, unfitting armour, see invisible, deterioration 1, speed 3,
regeneration 1, screaming 2, no potion heal 1
0: Orb of Zot
a: Renounce Religion, Potion Petition, Call Merchant, Bribe Branch


You escaped.
You worshipped Gozag.
Gozag was most pleased with you.
You visited 1 branch You collected 7234 gold pieces.
You spent 2301 gold pieces at shops.
You paid 1890 gold pieces to Gozag.

Inventory:

Hand Weapons
 a - a +1 dagger
 o - the +8 quick blade of Iconoclasm (weapon) {elec, Dex+7}
   (You acquired it in the Dungeon)

   Occasionally, upon striking a foe, it can discharge electrical energy and
   cause terrible harm.
   It affects your dexterity (+7).
Missiles
 l - 8 curare-tipped darts
 q - 17 poisoned darts
Armour
 b - a +0 robe (worn)
 k - a +2 hat (worn)
 m - a +0 cloak (worn)
Jewellery
 r - a cursed -4 ring of dexterity {unknown}
Wands
 e - a wand of digging (2)
 j - a wand of disintegration (9)
Scrolls
 i - a scroll of identify {unknown}
 n - a scroll of magic mapping {unknown}
 p - a scroll of vulnerability {unknown}
Potions
 c - a potion of berserk rage
 d - 4 potions of curing
 f - a potion of heal wounds
 g - 3 potions of magic
 h - a potion of flight


   Skills:
 - Level 10.0 Fighting
 - Level 10.0 Short Blades
 + Level 21.6 Dodging
 - Level 20.2 Stealth
 - Level 12.0 Spellcasting
 - Level 14.0 Hexes
 + Level 16.8 Evocations


You had 29 spell levels left.
You knew the following spells:

 Your Spells              Type           Power        Failure   Level
a - Corona                Hex            61%          1%          1
b - Ensorcelled Hibernat  Hex/Ice        68%          1%          2
c - Confusing Touch       Hex            55%          1%          3

Your spell library contained the following spells:

 Spells                   Type           Power        Failure   Level
 Dazzling Flash           Conj/Hex       68%          1%          3
 Tukima's Dance           Hex            55%          1%          3


Dungeon Overview and Level Annotations

Branches:
Dungeon (1/1)

Altars:
Cheibriados
Dithmenos
Elyvilon
Fedhas
Gozag
Hepliaklqana
Kikubaaqudgha
Makhleb
Nemelex Xobeh
Okawaru
Qazlal
Ru
Sif Muna
Trog
Uskayaw
Vehumet
Wu Jian
Xom
Yredelemnul
Zin
The Shining One
Jiyva
Lugonu

Shops:
D (???!}*((}![}*?[}**(*[*!

Annotations:
D Tiamat


Innate Abilities, Weirdness & Mutations

You are very small and have problems with some larger weapons.
You are too small for most types of armour.
You have supernaturally acute eyesight. (SInv)
You cover ground extremely quickly.
Your body sometimes deteriorates upon taking damage.
Your natural rate of healing is unusually fast.
You sometimes yell uncontrollably at your foes.
Potions are less effective at restoring your health.


Message History

Unknown command.
You see here a glowing hunting sling.
You see here a long sword.
Things that are here:
a +0 robe; a +0 dagger
There is an open door here.
There is an entrance to Pioli's Gadget Emporium here.
There is an open door, spattered with blood here.
There is an open door here.
There is an open door here.
Things that are here:
a +0 robe; a +2 vampiric scythe
There is an open door here.
You see here a cursed +0 giant club.
There is an open door here.
There is an open door here.
You see here a +0 leather armour.
There is a staircase leading out of the dungeon here.
You are starting to lose your buoyancy.
You have escaped!

##################
#@.#..'..#.['..#__
#..[..#.)'..#..'..
#..#####'#####'#__
#..####..#...#.###
#..#__####..##(#≈≈
#..#_____##'#_.'≈≈
#⌠⌠#_.∩...'..._#≈≈
#..._..__##_.#'##+
#..#_____###'#[#(.


There were no monsters in sight!

Vanquished Creatures
  4 fire giants (D)
  A hydra (D)
  2 centaur warriors (D)
  Sonja (D)
  A deep troll (D)
  7 unseen horrors (D)
  A lindwurm (D)
  An oklob plant (D)
  8 shining eyes (D)
  2 kobold demonologists (D)
  4 demonic crawlers (D)
  A slime creature (D)
  A hornet (D)
  Sigmund (D)
  2 redbacks (D)
  12 hogs (D)
  A yak (D)
  6 floating eyes (D)
  7 necrophages (D)
  An ogre (D)
  8 jellies (D)
  Ijyb (D)
73 creatures vanquished.

Vanquished Creatures (others)
  2 merfolk sirens (D)
  A gargoyle (D)
  4 hornets (D)
  A hog (D)
  A floating eye (D)
  2 ballistomycete spores (D)
11 creatures vanquished.

Grand Total: 84 creatures vanquished

Notes
Turn   | Place    | Note
-------+----------+-------------------------------------------
     0 | D        | Groucho the Spriggan Enchanter began the quest for the Orb.
     0 | D        | Reached XP level 1. HP: 9/9 MP: 5/5
     1 | D        | Noticed Ijyb
    12 | D        | Killed Ijyb
    13 | D        | Reached skill level 10 in Stealth
    13 | D        | Reached XP level 2. HP: 13/13 MP: 6/6
   171 | D        | Learned a level 2 spell: Ensorcelled Hibernation
   177 | D        | Noticed an ogre
   179 | D        | Killed an ogre
   180 | D        | Reached XP level 3. HP: 16/16 MP: 8/8
   180 | D        | Reached XP level 4. HP: 21/21 MP: 9/9
   182 | D        | Noticed Sigmund
   184 | D        | Killed Sigmund
   185 | D        | Reached XP level 5. HP: 24/24 MP: 10/10
   214 | D        | Found a shimmering blue altar of Sif Muna.
   215 | D        | Found an ornate altar of the Wu Jian Council.
   216 | D        | Found a radiant altar of Vehumet.
   221 | D        | Reached XP level 6. HP: 28/28 MP: 11/11
   222 | D        | Found Cannieho's Magic Scroll Emporium.
   222 | D        | Found an ancient bone altar of Kikubaaqudgha.
   222 | D        | Found a hazy altar of Hepliaklqana.
   222 | D        | Found a stormy altar of Qazlal.
   222 | D        | Found a hide-covered altar of Uskayaw.
   222 | D        | Found a blossoming altar of Fedhas.
   222 | D        | Found a bloodstained altar of Trog.
   222 | D        | Found an iron altar of Okawaru.
   222 | D        | Found a basalt altar of Yredelemnul.
   222 | D        | Found a glowing golden altar of the Shining One.
   222 | D        | Found a snail-covered altar of Cheibriados.
   222 | D        | Found a sacrificial altar of Ru.
   222 | D        | Found a glowing silver altar of Zin.
   222 | D        | Found a shadowy altar of Dithmenos.
   222 | D        | Found a white marble altar of Elyvilon.
   222 | D        | Noticed a yak
   223 | D        | Found an opulent altar of Gozag.
   224 | D        | Killed a yak
   225 | D        | Found a sparkling altar of Nemelex Xobeh.
   230 | D        | Became a worshipper of Gozag Ym Sagoz the Greedy
   264 | D        | Found a burning altar of Makhleb.
   264 | D        | Found a shimmering altar of Xom.
   264 | D        | Noticed a slime creature
   265 | D        | Found a viscous altar of Jiyva.
   265 | D        | Found a corrupted altar of Lugonu.
   289 | D        | Learned a level 3 spell: Confusing Touch
   320 | D        | Killed a slime creature
   321 | D        | Reached skill level 5 in Dodging
   321 | D        | Reached XP level 7. HP: 5/35 MP: 5/14
   778 | D        | Noticed a centaur warrior
   778 | D        | Noticed a centaur warrior
   779 | D        | Killed a centaur warrior
   780 | D        | Reached skill level 5 in Short Blades
   780 | D        | Reached skill level 8 in Dodging
   780 | D        | Reached XP level 8. HP: 41/42 MP: 14/19
   782 | D        | Killed a centaur warrior
   783 | D        | Reached skill level 5 in Fighting
   783 | D        | Reached skill level 9 in Dodging
   794 | D        | Noticed a hornet
   797 | D        | Killed a hornet
   798 | D        | Reached skill level 10 in Dodging
   798 | D        | Reached XP level 9. HP: 47/47 MP: 12/22
   812 | D        | Noticed an oklob plant
   814 | D        | Killed an oklob plant
   826 | D        | Reached skill level 11 in Dodging
   855 | D        | Noticed an unseen horror
   855 | D        | Noticed an unseen horror
   861 | D        | Killed an unseen horror
   862 | D        | Reached skill level 10 in Spellcasting
   862 | D        | Reached skill level 10 in Hexes
   863 | D        | Killed an unseen horror
   864 | D        | Reached skill level 12 in Dodging
   864 | D        | Reached XP level 10. HP: 55/55 MP: 20/25
  1003 | D        | Found Vestucaf's Weapon Shoppe.
  1003 | D        | Found Paenass's Assorted Antiques.
  1003 | D        | Found Plog's Weapon Boutique.
  1005 | D        | Found Ricyz Nihid's Gadget Emporium.
  1005 | D        | Found Rycoraso's Distillery.
  1005 | D        | Found Iborr's Antique Armour Shoppe.
  1005 | D        | Found Quysup's Gadget Boutique.
  1005 | D        | Found Jaal's Assorted Antiques.
  1005 | D        | Found Uxiloli's Magic Scroll Shop.
  1005 | D        | Found Wahasm's Antique Armour Shoppe.
  1009 | D        | Found Acwystre's General Store.
  1010 | D        | Found Himnukk's Assorted Antiques.
  1010 | D        | Found Hecur's Weapon Boutique.
  1011 | D        | Found Iraeguexe's Assorted Antiques.
  1014 | D        | Bought a polished dagger for 210 gold pieces
  1020 | D        | Bought a cloak for 103 gold pieces
  1024 | D        | Bought a glowing scarf for 208 gold pieces
  1047 | D        | Bought a scroll of acquirement for 624 gold pieces
  1056 | D        | Acquired the +8 quick blade of Iconoclasm {elec, Dex+7}
  1058 | D        | Identified the cursed +1 dagger of Strategic Superiority
                  | {chaos, Will- Int+3 Dex+7} (You bought it in a shop in the
                  | Dungeon)
  1236 | D        | Noticed a deep troll
  1238 | D        | Killed a deep troll
  1239 | D        | Reached skill level 10 in Short Blades
  1239 | D        | Reached skill level 13 in Dodging
  1251 | D        | Found Recikam's Armour Emporium.
  1256 | D        | Bought a +2 hat for 208 gold pieces
  1268 | D        | Noticed Sonja
  1271 | D        | Killed Sonja
  1290 | D        | Found Qaucwada's Weapon Boutique.
  1299 | D        | Noticed a shining eye
  1299 | D        | Noticed a shining eye
  1299 | D        | Noticed a shining eye
  1300 | D        | Noticed a shining eye
  1300 | D        | Noticed a shining eye
  1300 | D        | Noticed a shining eye
  1305 | D        | Gained mutation: You are weak. (Str -2) [a shining eye]
  1315 | D        | Paralysed by a floating eye for 3 turns
  1316 | D        | Gained mutation: Potions are less effective at restoring
                  | your health. [a shining eye]
  1330 | D        | Killed a shining eye
  1488 | D        | Noticed a shining eye
  1488 | D        | Noticed a shining eye
  1491 | D        | Killed a shining eye
  1492 | D        | Reached skill level 14 in Dodging
  1493 | D        | Gained mutation: You occasionally shout uncontrollably at
                  | your foes. [a shining eye]
  1494 | D        | Killed a shining eye
  1501 | D        | Gained mutation: Your body sometimes deteriorates upon
                  | taking damage. [a shining eye]
  1507 | D        | Paralysed by a floating eye for 2 turns
  1524 | D        | Killed a shining eye
  1525 | D        | Reached XP level 11. HP: 62/62 MP: 18/28
  1540 | D        | Gained mutation: You are very weak. (Str -4) [a shining
                  | eye]
  1548 | D        | Killed a shining eye
  1552 | D        | Gained mutation: You sometimes yell uncontrollably at your
                  | foes. [a shining eye]
  1554 | D        | Killed a shining eye
  1555 | D        | Reached skill level 10 in Fighting
  1555 | D        | Reached skill level 1 in Evocations
  1557 | D        | Killed a shining eye
  1558 | D        | Gained mutation: Your body often deteriorates upon taking
                  | damage. [a shining eye]
  1569 | D        | Gained mutation: You tend to lose your temper in combat. [a
                  | shining eye]
  1572 | D        | Killed a shining eye
  1573 | D        | Reached skill level 5 in Evocations
  1990 | D        | Found Quqoyrgh's Magic Scroll Shoppe.
  1990 | D        | Found Xoriwuem's Distillery.
  1990 | D        | Found Tomysiq's Magic Scroll Emporium.
  1990 | D        | Found Fuageg's Gadget Boutique.
  2047 | D        | Reached skill level 15 in Dodging
  2154 | D        | Reached skill level 16 in Dodging
  2212 | D        | Bought a wand of digging (5) for 288 gold pieces
  2658 | D        | Bought a potion of flight for 39 gold pieces
  2658 | D        | Bought a potion of flight for 39 gold pieces
  2658 | D        | Bought 2 potions of resistance for 260 gold pieces
  2738 | D        | Noticed a lindwurm
  2741 | D        | Killed a lindwurm
  2762 | D        | Reached skill level 10 in Evocations
  2764 | D        | Reached skill level 17 in Dodging
  2781 | D        | Noticed a 12-headed hydra
  2819 | D        | Killed a 12-headed hydra
  2820 | D        | Reached skill level 18 in Dodging
  2837 | D        | Noticed a deep elf annihilator
  3177 | D        | Noticed a shadow dragon
  3177 | D        | Noticed a golden dragon
  3184 | D        | Found Abrew's Distillery.
  3204 | D        | Bought a potion of mutation for 112 gold pieces
  3204 | D        | Lost mutation: You tend to lose your temper in combat.
                  | [potion of mutation]
  3204 | D        | Lost mutation: Your body often deteriorates upon taking
                  | damage. [potion of mutation]
  3204 | D        | Lost mutation: You are very weak. (Str -4) [potion of
                  | mutation]
  3204 | D        | Lost mutation: You are weak. (Str -2) [potion of mutation]
  3204 | D        | Gained mutation: Your natural rate of healing is unusually
                  | fast. [potion of mutation]
  3207 | D        | Bought a potion of heal wounds for 70 gold pieces
  3207 | D        | Bought a potion of haste for 140 gold pieces
  3256 | D        | Noticed a daeva
  3259 | D        | Noticed an unseen horror
  3260 | D        | Noticed an unseen horror
  3260 | D        | Noticed an unseen horror
  3260 | D        | Noticed an unseen horror
  3263 | D        | Killed an unseen horror
  3264 | D        | Noticed an unseen horror
  3268 | D        | Killed an unseen horror
  3270 | D        | Killed an unseen horror
  3271 | D        | Reached skill level 19 in Dodging
  3272 | D        | Killed an unseen horror
  3273 | D        | Reached XP level 12. HP: 37/67 MP: 19/29
  3289 | D        | Noticed a fire giant
  3292 | D        | Noticed a fire giant
  3293 | D        | Noticed a fire giant
  3294 | D        | Noticed a fire giant
  3296 | D        | Killed a fire giant
  3297 | D        | Reached skill level 20 in Dodging
  3300 | D        | Killed a fire giant
  3301 | D        | Reached skill level 15 in Evocations
  3358 | D        | Killed a fire giant
  3359 | D        | Reached skill level 21 in Dodging
  3659 | D        | Killed a fire giant
  3718 | D        | Found the +4 dragonskin cloak
  3718 | D        | Noticed Tiamat
  3720 | D        | Got the Orb of Zot
  3790 | D        | Escaped with the Orb!

Illustrated notes

Levels and vault maps discovered:
D:        dungeon_sprint_1 [red_sonja_temple_1, red_sonja_temple_small_1]

Skill      XL: |  1  2  3  4  5  6  7  8  9 10 11 12 |
---------------+-------------------------------------+-----
Stealth        | 10 14 17 18 20 | 20.2
Fighting       | 2 4 5 7 9 10 | 10.0
Short Blades   | 3 5 7 9 10 | 10.0
Dodging        | 5 8 10 12 14 19 21 | 21.6
Spellcasting   | 4 6 8 10 12 | 12.0
Hexes          | 4 7 8 10 13 14 | 14.0
Evocations     | 13 16 | 16.8

Action                   |  1- 3 |  4- 6 |  7- 9 | 10-12 || total
-------------------------+-------+-------+-------+-------++-------
Melee: Dagger            |     9 |    16 |     9 |    41 ||    75
       Quick blade       |       |       |       |   238 ||   238
 Cast: Ensorcelled Hiber |       |     2 |     2 |    23 ||    27
       Confusing Touch   |       |     1 |       |    21 ||    22
Invok: Call Merchant     |       |       |       |     2 ||     2
       Potion Petition   |       |       |       |     1 ||     1
Evoke: Wand              |       |       |       |     3 ||     3
  Use: Potion            |     1 |       |       |     8 ||     9
       Scroll            |       |       |     1 |     4 ||     5
 Stab: Sleeping          |     1 |     4 |     9 |    34 ||    48
       Confused          |       |     1 |       |    25 ||    26
       Distracted        |       |       |       |     2 ||     2
Armor: Robe              |     1 |       |       |     7 ||     8
Dodge: Dodged            |     4 |     5 |     2 |   120 ||   131
